 Dungeon Crawl Stone Soup version 0.19-a0-749-g66ae36b (webtiles) character file.

1833 Implojin the Grappler (level 8, 74/74 HPs)
             Began as a Troll Fighter on June 24, 2016.
             Quit the game in the Ecumenical Temple.
             The game lasted 00:08:38 (1567 turns).

Implojin the Grappler (Troll Fighter)               Turns: 1567, Time: 00:08:38

Health: 74/74      AC:  5    Str: 25    XL:     8   Next: 86%
Magic:  7/7        EV:  8    Int:  4    God:
Gold:   241        SH:  9    Dex: 11    Spells: 0 memorised, 7 levels left

rFire  . . .     SeeInvis .       - Unarmed
rCold  . . .     Gourm    +     a - +0 robe
rNeg   . . .     Faith    .     b - +0 shield
rPois  .         Spirit   .     (helmet restricted)
rElec  .         Dismiss  .     (no cloak)
rCorr  .         Reflect  .     (gloves unavailable)
SustAt .         Harm     .     (boots unavailable)
MR     .....                    (no amulet)
Stlth  +.........               (no ring)
                                (no ring)

@: not resistant to hostile enchantments, very unstealthy
A: unfitting armour, claws 3, fast metabolism 3, gourmand, regeneration 2,
shaggy fur 1, tough skin 2
a: no special abilities


You were in the Ecumenical Temple.
You were full.

You visited 2 branches of the dungeon, and saw 9 of its levels.

You collected 241 gold pieces.

Inventory:

Missiles
 q - 10 tomahawks (quivered)
Armour
 a - a +0 robe (worn)
 b - a +0 shield (worn)
 s - a cursed -2 robe
Jewellery
 o - an uncursed ring of sustain attributes {unknown}
 r - a +2 ring of strength {unknown}
Wands
 e - a wand of flame (20/48)
 j - a wand of lightning (7/15)
 l - a wand of polymorph (10/24)
 p - a wand of slowing (32/48)
Scrolls
 t - 2 scrolls of noise {unknown}
Potions
 c - a potion of might
 g - 2 potions of magic
 h - a potion of heal wounds {unknown}
 k - a potion of degeneration
 m - 3 potions of curing
Comestibles
 d - 3 bread rations
 f - 4 meat rations
 i - a royal jelly
 n - 4 fruits


   Skills:
 - Level 2.4 Fighting
 - Level 2.4 Dodging
 - Level 2.4 Shields
 * Level 11.5 Unarmed Combat


You had 7 spell levels left.
You didn't know any spells.

Dungeon Overview and Level Annotations

Branches:
Dungeon (8/15)             Temple (1/1) D:5
   Lair: D:8-11

Altars:
Ashenzari
Dithmenos
Elyvilon
Fedhas
Hepliaklqana
Kikubaaqudgha
Makhleb
Nemelex Xobeh
Pakellas
Qazlal
Sif Muna
Trog
Uskayaw
Vehumet
Zin
The Shining One


Innate Abilities, Weirdness & Mutations

You are too large for most types of armour.
You have claws for hands.
Your metabolism is lightning-fast.
You like to eat raw meat.
You heal very quickly.
You are covered in fur. (AC +1)
You have very tough skin. (AC +2)


Message History

Things that are here:
a flail; a chain mail; an orc corpse
Found a stone staircase leading down.
You open the door.
There is an open door here.
A giant cockroach comes into view.
There is a stone staircase leading down here.
You climb downwards.
Found a stone staircase leading down.
There is a stone staircase leading up here.
A giant frog zombie comes into view.
A jelly comes into view.
The jelly quivers.
The jelly hits you but does no damage.
There is a stone staircase leading down here.
You mangle the jelly!!
You kill the jelly!
You climb downwards.
There is a stone staircase leading up here.
There is a stone staircase leading up here.
You climb upwards.
You block the giant frog zombie's attack.
There is a stone staircase leading down here.
You closely miss the giant frog zombie. The giant frog zombie hits you.
You claw the giant frog zombie!
You block the giant frog zombie's attack.
You claw the giant frog zombie!
You block the giant frog zombie's attack.
You claw the giant frog zombie!
You destroy the giant frog zombie!
Found 9 gold pieces.
Found a potion of degeneration.
Found a staircase to the Ecumenical Temple.
Found a leather armour.
There is a staircase to the Ecumenical Temple here.
You climb downwards.
Welcome to the Ecumenical Temple!
Found twelve altars.
There is a staircase back to the Dungeon here.
Unknown command.
Are you sure you want to abandon this character and quit the game? (Confirm with "yes".)

#########
##._.8._.##
##_......._##
##...≈≈.≈≈...##
#8...≈≈.≈≈...8#
#..≈≈.≈.≈.≈≈..#
#_.≈≈≈...≈≈≈._#
#......@......#
#_.≈≈≈...≈≈≈._#
#..≈≈.≈.≈.≈≈..#
#8...≈≈.≈≈...8#
##...≈≈.≈≈...##
##_......._##
##._.8._.##
#########


There were no monsters in sight!

Vanquished Creatures
  A slime creature (D:7)
  An ice beast (D:6)
  A sky beast (D:7)
  A phantom (D:3)
  A centaur (D:7)
  A giant frog (D:6)
  2 scorpions
  5 wights
  A howler monkey (D:5)
  A crimson imp (D:6)
  2 giant frog zombies
  A hound (D:4)
  2 orc priests (D:4)
  10 jellies
  A gnoll shaman (D:7)
  An iguana (D:4)
  2 orc wizards (D:4)
  3 worker ants
  Natasha (thrice) (D:3)
  5 gnolls (D:7)
  2 adders
  A shadow imp (D:5)
  9 oozes (D:7)
  2 dart slugs
  2 giant geckos
  18 orcs
  2 bats
  2 giant cockroaches
  A goblin (D:3)
  3 hobgoblins
  3 jackals (D:3)
  2 quokkas
  3 giant newts
  A kobold (D:1)
  A quokka skeleton (D:7)
97 creatures vanquished.

Vanquished Creatures (others)
  6 fungi (D:7)
6 creatures vanquished.

Grand Total: 103 creatures vanquished

Notes
Turn   | Place    | Note
--------------------------------------------------------------
     0 | D:1      | Implojin the Troll Fighter began the quest for the Orb.
     0 | D:1      | Reached XP level 1. HP: 22/22 MP: 0/0
   109 | D:2      | Reached XP level 2. HP: 13/29 MP: 1/1
   122 | D:1      | Reached skill level 3 in Unarmed Combat
   382 | D:3      | Noticed Natasha
   386 | D:3      | Killed Natasha
   386 | D:3      | Reached XP level 3. HP: 32/36 MP: 2/2
   388 | D:3      | Reached skill level 4 in Unarmed Combat
   397 | D:3      | Noticed Natasha
   403 | D:3      | Killed Natasha
   403 | D:3      | Reached XP level 4. HP: 44/44 MP: 3/3
   419 | D:3      | Noticed Natasha
   429 | D:3      | Killed Natasha
   587 | D:4      | Noticed a phantom
   597 | D:3      | Reached skill level 5 in Unarmed Combat
   600 | D:3      | Killed a phantom
   600 | D:3      | Reached XP level 5. HP: 42/50 MP: 4/4
   606 | D:4      | Reached skill level 6 in Unarmed Combat
   650 | D:4      | Reached XP level 6. HP: 53/59 MP: 5/5
   714 | D:4      | Reached skill level 7 in Unarmed Combat
   732 | D:5      | Entered Level 5 of the Dungeon
   844 | D:7      | Found a bloodstained altar of Trog.
   849 | D:7      | Reached XP level 7. HP: 55/66 MP: 6/6
   867 | D:7      | Reached skill level 8 in Unarmed Combat
   935 | D:6      | Reached skill level 9 in Unarmed Combat
  1019 | D:6      | Found an ancient bone altar of Kikubaaqudgha.
  1019 | D:6      | Found a glowing golden altar of the Shining One.
  1020 | D:6      | Found a shattered altar of Ashenzari.
  1060 | D:7      | Reached XP level 8. HP: 52/74 MP: 7/7
  1152 | D:7      | Found a shadowy altar of Dithmenos.
  1317 | D:7      | Noticed a slime creature
  1321 | D:7      | Reached skill level 10 in Unarmed Combat
  1338 | D:7      | Killed a slime creature
  1355 | D:7      | Reached skill level 11 in Unarmed Combat
  1561 | D:5      | Found a staircase to the Ecumenical Temple.
  1566 | Temple   | Entered the Ecumenical Temple
  1567 | Temple   | Quit the game

Vault maps used:
D:1:      eino_arrival_water_cross
D:2:      minmay_misc_feat_ornament
D:3:      hangedman_ru_absence, uniq_natasha
D:5:      first_bread, uniq_edmund, uniq_duvessa
D:6:      gammafunk_temple_overflow_claw
D:7:      lemuel_slime, grunt_dithmenos_smoke_and_mirrors,
          lemuel_zombie_altar_yredelemnul, basic_altar
D:8:      lemuel_doored_altar, enter_bailey_2
Temple:   nicolae_temple_no_exploring_needed

Skill      XL: |  1  2  3  4  5  6  7  8 |
---------------+-------------------------+-----
Unarmed Combat | 3 4 5 6 7 9 11 | 11.5
Fighting       | |  2.4
Dodging        | |  2.4
Shields        | |  2.4

Action                   |  1- 3 |  4- 6 |  7- 9 || total
-------------------------+-------+-------+-------++-------
Melee: Unarmed           |    57 |    80 |   153 ||   290
  Use: Scroll            |     1 |       |     5 ||     6
  Eat: Chunk             |     6 |     7 |     3 ||    16
Armor: Robe              |    10 |    35 |    29 ||    74
       Skin              |       |     1 |       ||     1
Dodge: Dodged            |    19 |    27 |    31 ||    77
Block: Shield            |    25 |    30 |    59 ||   114

Table legend:
 A = Turns spent in this place as a percentage of turns spent in the entire game.
 B = Non-inter-level travel turns spent in this place as a percentage of non-inter-level travel turns spent in the entire game.
 C = Inter-level travel turns spent in this place as a percentage of turns spent in this place.
 D = Turns resting spent in this place as a percentage of non-inter-level travel turns spent in this place.
 E = Turns spent auto-exploring this place as a percentage of non-inter-level travel turns spent in this place.
 F = Non-inter-level travel turns spent in this place divided by the number of levels of this place that you've seen.
                   A       B       C       D       E      F
               +-------+-------+-------+-------+-------+----------------------
         Total | 100.0 | 100.0 |   0.0 |   0.2 |   0.0 | 168.6
       Dungeon |  99.9 |  99.9 |   0.0 |   0.2 |   0.0 | 189.4
        Temple |   0.1 |   0.1 |   0.0 |   0.0 |   0.0 |   2.0
               +-------+-------+-------+-------+-------+----------------------

Table legend:
 A = Kills in this place as a percentage of kills in entire the game.
 B = Kills by you in this place as a percentage of kills by you in the entire game.
 C = Kills by friends in this place as a percentage of kills by friends in the entire game.
 D = Other kills in this place as a percentage of other kills in the entire game.
 E = Experience gained in this place as a percentage of experience gained in the entire game.
 F = Experience gained in this place divided by the number of levels of this place that you have seen.
                   A       B       C       D       E      F
               +-------+-------+-------+-------+-------+----------------------
         Total | 100.0 | 100.0 |  -nan |  -nan | 100.0 | 291.0
       Dungeon | 100.0 | 100.0 |  -nan |  -nan | 100.0 | 327.4
               +-------+-------+-------+-------+-------+----------------------
